 Dungeon Crawl Stone Soup version 0.16.2-12-gd0ad4c3 (webtiles) character file.

2139 Ijustatesigmund the Covert (level 9, -5/54 HPs)
             Began as an Octopode Assassin on Oct 15, 2015.
             Slain by a gnoll
             ... wielding a +0 halberd
              (13 damage)
             ... on level 5 of the Dungeon.
             The game lasted 00:26:26 (6410 turns).

Ijustatesigmund the Covert (Octopode Assassin)      Turns: 6410, Time: 00:26:26

Health: -5/54      AC:  1    Str: 11      XL:     9   Next: 30%
Magic:  17/17      EV: 14    Int: 13      God:
Gold:   97         SH:  0    Dex: 14 (16) Spells: 1 memorised, 6 levels left

rFire  . . .     SeeInvis .     f - +2 short sword (venom)
rCold  . . .     Clarity  .     (no shield)
rNeg   . . .     SustAb   .     (helmet restricted)
rPois  .         Gourm    .     c - amulet of rage
rElec  .         Spirit   .     (no ring)
rCorr  .         Warding  .     (no ring)
rMut   .         Stasis   .     (no ring)
MR     .....                    (no ring)
Stlth  +++++.....               (no ring)
                                (no ring)
                                (no ring)
                                (no ring)

@: not resistant to hostile enchantments, quite stealthy
A: almost no armour, amphibious, 8 rings, constrict 8, camouflage 1, gelatinous
body 1
a: Evoke Berserk Rage


You were on level 5 of the Dungeon.
You were not hungry.

You visited 1 branch of the dungeon, and saw 6 of its levels.
You also visited: Sewer.

You collected 287 gold pieces.
You spent 190 gold pieces at shops.

Inventory:

Hand weapons
 a - a +2 dagger
 b - a +0 blowgun
 f - a +2 short sword of venom (weapon)
 i - a cursed -1 dagger
 x - a +0 dagger of freezing
Missiles
 m - 8 needles of sleeping
 t - 28 poisoned needles
 D - 7 javelins (quivered)
Armour
 y - the -2 buckler "Shrox" {+Blink rPois rC++ Dex-5}
   (You acquired it in a sewer)

   It affects your dexterity (-5).
   It greatly protects you from cold.
   It protects you from poison.
   It lets you blink.
Jewellery
 c - an amulet of rage (around mantle)
 E - an uncursed amulet of clarity {unknown}
 G - a cursed amulet of inaccuracy {unknown}
Magical devices
 l - a wand of enslavement (0)
 q - a wand of slowing (12)
 A - a wand of cold (5)
 B - a wand of confusion (13)
Scrolls
 d - 4 scrolls of teleportation
 j - 2 scrolls of recharging
 o - a scroll of random uselessness
 r - 2 scrolls of identify
 F - a scroll of amnesia
Potions
 e - a potion of beneficial mutation {unknown}
 h - 5 potions of curing
 k - a potion of restore abilities
 n - a potion of poison {unknown}
 p - 3 potions of berserk rage {unknown}
 s - a potion of agility {unknown}
 u - a potion of degeneration {unknown}
 w - 2 potions of haste
 C - a potion of invisibility
Books
 v - Jessica's Reference Book on Augmentations
   (You found it on level 3 of the Dungeon)

   Spells                             Type                      Level
   a - Shroud of Golubria             Charms/Translocation         2
Comestibles
 g - 5 bread rations
 z - 3 meat rations


   Skills:
 - Level 2.0 Fighting
 + Level 6.6 Short Blades
 + Level 6.9 Throwing
 + Level 4.3 Dodging
 - Level 8.1 Stealth
 - Level 5.4 Evocations


You had 6 spell levels left.
You knew the following spells:

 Your Spells              Type           Power        Failure   Level  Hunger
a - Shroud of Golubria    Chrm/Tloc      #.........   47%         2    ###....


Dungeon Overview and Level Annotations

Branches:
Dungeon (6/15)
 Temple: D:4-7

Altars:
Elyvilon
Gozag

Shops:
D:4 !


Innate Abilities, Weirdness & Mutations

You cannot wear most types of armour.
You are amphibious.
You can wear up to eight rings at the same time.
You can use your tentacles to constrict many enemies at once.
Your skin changes colour to match your surroundings (Stealth).
Your rubbery body absorbs attacks (AC +1).


Message History

Your grab misses the gnoll. The gnoll barely misses you.
The gnoll closely misses you.
You barely miss the gnoll. You grab the gnoll. You squeeze the gnoll.
The gnoll is heavily wounded.
You constrict the gnoll. The gnoll hits you.
You hit the gnoll but do no damage.
The gnoll looks even sicker.
The gnoll is severely wounded.
You constrict the gnoll. The gnoll barely misses you.
You hit the gnoll.
The gnoll looks even sicker.
The gnoll is almost dead.
You constrict the gnoll.
You kill the gnoll!
You barely miss the gnoll. Your grab misses the gnoll.
The gnoll hits you with a halberd!
* * * LOW HITPOINT WARNING * * *
You hit the gnoll.
The gnoll is poisoned.
You grab the gnoll.
You squeeze the gnoll, but do no damage.
The gnoll is heavily wounded.
You constrict the gnoll. The gnoll hits you with a halberd!
You die...

#.##.######........#
#.##.# #.....###.#
#.##.######........#
#.##.........#######
#.##########.# #.###
#.# #...# ##'## ###.#
##...## ##@#
##...).## #†g#
##.......##
#....###.........###
#.......'.........+..
#.....###.........###
#.#.### ##.......##
#.## ##.....##### #.
##.........
##+#<#####


You could see a gnoll.

Vanquished Creatures
  Grinder (D:4)
  Eustachio (D:4)
  The ghost of kraktruk the Conjurer, an average TeCj (D:3)
  An ice beast (D:4)
  A water moccasin (D:5)
  Purgy (Sewer)
  A phantom (D:4)
  2 ogres
  A centaur (D:5)
  Sigmund (D:2)
  Duvessa (D:4)
  A giant frog (D:6)
  Dowan (D:4)
  2 crimson imps
  A quasit (D:4)
  5 worker ants
  Crazy Yiuf (D:3)
  2 hounds
  3 orc priests
  2 iguanas (D:6)
  An orc wizard (D:3)
  Ijyb (D:5)
  Jessica (D:3)
  A hound zombie (D:5)
  Robin (D:3)
  10 adders
  6 gnolls
  A shadow imp (D:5)
  3 worms
  4 giant geckos
  An ooze (D:2)
  13 orcs
  A bat skeleton (D:4)
  3 giant cockroaches
  15 hobgoblins
  10 jackals
  4 quokkas
  18 bats
  A giant gecko skeleton (D:4)
  3 giant newts
  23 goblins
  A jackal skeleton (D:5)
  12 kobolds
  10 rats
174 creatures vanquished.

Vanquished Creatures (others)
  3 orcs (D:3)
3 creatures vanquished.

Grand Total: 177 creatures vanquished

Notes
Turn   | Place    | Note
--------------------------------------------------------------
     0 | D:1      | Ijustatesigmund, the Octopode Assassin, began the quest for the Orb.
     0 | D:1      | Reached XP level 1. HP: 14/14 MP: 1/1
    72 | D:1      | Reached XP level 2. HP: 17/19 MP: 2/2
   786 | D:1      | Reached XP level 3. HP: 17/24 MP: 3/3
  1318 | D:2      | Reached skill level 6 in Stealth
  1318 | D:2      | Reached XP level 4. HP: 22/29 MP: 4/4
  1420 | D:2      | Found an opulent altar of Gozag.
  1424 | D:2      | Found a white marble altar of Elyvilon.
  1473 | D:2      | Noticed Sigmund
  1486 | D:2      | Killed Sigmund
  1486 | D:2      | Reached XP level 5. HP: 34/34 MP: 5/5
  2004 | D:3      | Noticed kraktruk's ghost (average TeCj)
  2023 | D:3      | Killed kraktruk's ghost
  2023 | D:3      | Reached skill level 7 in Stealth
  2023 | D:3      | Reached XP level 6. HP: 26/39 MP: 6/6
  2259 | D:3      | Noticed Robin
  2524 | D:3      | Noticed an ogre
  2716 | D:3      | Killed Robin
  2936 | D:3      | Killed an ogre
  2936 | D:3      | Reached XP level 7. HP: 45/45 MP: 7/7
  2983 | D:3      | Noticed Jessica
  2997 | D:3      | Killed Jessica
  3008 | D:3      | Identified Jessica's Reference Book on Augmentations
  3207 | D:3      | You fall through a shaft for 3 floors!
  3217 | D:6      | Reached skill level 1 in Evocations
  3713 | D:5      | Entered Level 5 of the Dungeon
  3732 | D:5      | Learned a level 2 spell: Shroud of Golubria
  3775 | D:4      | Reached skill level 5 in Evocations
  3775 | D:4      | Reached XP level 8. HP: 50/50 MP: 13/15
  3813 | D:4      | Noticed Eustachio
  3841 | D:4      | Found a glowing drain.
  3848 | Sewer    | Entered a sewer
  3880 | Sewer    | Noticed Purgy
  3894 | Sewer    | Killed Purgy
  3894 | Sewer    | Reached skill level 5 in Throwing
  3894 | Sewer    | Reached skill level 8 in Stealth
  4070 | Sewer    | Identified a scroll of acquirement
  4073 | Sewer    | Got a dazzling buckler
  4079 | Sewer    | Identified the -2 buckler "Shrox" {+Blink rPois rC++ Dex-5} (You acquired it in a sewer)
  4195 | D:4      | Reached skill level 5 in Short Blades
  4464 | D:4      | Noticed Duvessa
  4464 | D:4      | Noticed Dowan
  4467 | D:4      | Killed Duvessa
  4722 | D:3      | Noticed Crazy Yiuf
  4737 | D:3      | Killed Crazy Yiuf
  4847 | D:4      | Found Schuih's Distillery.
  4860 | D:4      | Bought a potion of haste for 100 gold pieces
  4860 | D:4      | Bought a potion of curing for 30 gold pieces
  4860 | D:4      | Bought a potion of curing for 30 gold pieces
  4860 | D:4      | Bought a potion of curing for 30 gold pieces
  4971 | D:4      | Killed Dowan
  4984 | D:4      | Killed Eustachio
  5188 | D:4      | Noticed Grinder
  5194 | D:4      | Paralysed by Grinder for 6 turns
  5205 | D:4      | Killed Grinder
  5455 | D:4      | Reached XP level 9. HP: 48/54 MP: 17/17
  6071 | D:5      | Noticed Ijyb
  6073 | D:5      | Killed Ijyb
  6410 | D:5      | Slain by a gnoll

Action                   |  1- 3 |  4- 6 |  7- 9 || total
-------------------------+-------+-------+-------++-------
Melee: Dagger            |    63 |    90 |    63 ||   216
       Short sword       |       |       |   160 ||   160
 Fire: Blowgun           |       |    27 |    12 ||    39
Throw: Javelin           |       |       |     1 ||     1
 Abil: Evoke Berserk Rag |       |     2 |     4 ||     6
Evoke: Wand              |       |       |     4 ||     4
  Use: Scroll            |     4 |     6 |     6 ||    16
       Potion            |       |     3 |     1 ||     4
 Stab: Sleeping          |    14 |     5 |    24 ||    43
       Distracted        |       |     1 |     5 ||     6
  Eat: Chunk             |     1 |     5 |    10 ||    16
       Beef jerky        |       |     1 |       ||     1
       Bread ration      |       |       |     1 ||     1
